 Dungeon Crawl Stone Soup version 0.20.1-1-g8b1a95d (webtiles) character file.

1296 vatarom the Summoner (level 8, -7/62 HPs)
             Began as a Green Draconian Summoner on Sept 7, 2017.
             Was a Follower of Ashenzari.
             Mangled by a worm (9 damage)
             ... while paralysed by a hornet
             ... on level 8 of the Dungeon.
             The game lasted 00:14:32 (6497 turns).

vatarom the Summoner (Green Draconian Summoner)     Turns: 6497, Time: 00:14:33

Health: -7/62      AC:  6    Str: 10    XL:     8   Next: 31%
Magic:  12/14      EV:  2    Int: 17    God:    Ashenzari [*.....]
Gold:   251        SH:  0    Dex: 13    Spells: 5/15 levels left

rFire    + . .     SeeInvis .   i - -1 trident (curse)
rCold    . . .     Gourm    +   (no shield)
rNeg     . . .     Faith    .   (armour unavailable)
rPois    +         Spirit   .   (helmet restricted)
rElec    .         Reflect  .   (no cloak)
rCorr    .         Harm     .   (no gloves)
MR       .....     Clarity  +   (no boots)
Stlth    ++........             e - amulet of the gourmand
Regen    0.2/turn               (no ring)
MPRegen  0.2/turn               (no ring)

@: paralysed
A: breathe noxious fumes, unfitting armour, clarity, fire resistance 1, poison
resistance, cold-blooded, AC +6
a: Breathe Noxious Fumes, Curse Item, Scrying, Renounce Religion


You were on level 8 of the Dungeon.
You worshipped Ashenzari.
Ashenzari was aware of your devotion.
You were full.

You visited 2 branches of the dungeon, and saw 8 of its levels.

You collected 251 gold pieces.

Inventory:

Hand Weapons
 i - a cursed -1 trident (weapon)
 q - the +9 hand axe "Toegirorgh" {chop, *Drain rElec rC+++ Int+5}
   (You found it on level 8 of the Dungeon)

   It inflicts extra damage upon your enemies.
   It affects your intelligence (+5).
   It renders you almost immune to cold.
   It insulates you from electricity.
   It causes draining when unequipped.
Jewellery
 e - an amulet of the gourmand (around neck)
 g - an uncursed ring of protection from fire
Wands
 d - a wand of flame (17/48)
 k - a wand of flame (31/48)
 r - a wand of polymorph (8/24)
Scrolls
 c - a scroll of fog
 l - a scroll of enchant armour
 o - a scroll of teleportation
Potions
 f - 2 potions of flight
 h - 3 potions of curing
 m - a potion of invisibility {unknown}
 p - a potion of berserk rage
Books
 a - a book of Callings

   Spells                             Type                      Level
   a - Summon Small Mammal            Summoning                    1
   b - Call Imp                       Summoning                    2
   c - Call Canine Familiar           Summoning                    3
   d - Summon Guardian Golem          Hexes/Summoning              3
   e - Summon Lightning Spire         Summoning/Air                4
   f - Summon Ice Beast               Ice/Summoning                4
Comestibles
 b - 7 bread rations
 j - 2 meat rations
 n - 3 royal jellies


   Skills:
 - Level 2.6 Fighting
 + Level 5.4 Polearms
 - Level 1.7 Dodging
 - Level 1.7 Stealth
 - Level 4.0 Spellcasting
 * Level 8.0 Summonings


You had 5 spell levels left.
You knew the following spells:

 Your Spells              Type           Power        Failure   Level  Hunger
a - Summon Small Mammal   Summ           ####         1%          1    None
b - Call Imp              Summ           ####....     1%          2    ##.....
c - Call Canine Familiar  Summ           ####....     1%          3    ###....
d - Summon Ice Beast      Ice/Summ       ###.....     30%         4    ####...


Dungeon Overview and Level Annotations

Branches:
Dungeon (6/15)             Temple (1/1) D:4

Altars:
Ashenzari
Cheibriados
Dithmenos
Elyvilon
Fedhas
Gozag
Hepliaklqana
Kikubaaqudgha
Makhleb
Nemelex Xobeh
Okawaru
Qazlal
Ru
Sif Muna
Trog
Uskayaw
Vehumet
Xom
Zin


Innate Abilities, Weirdness & Mutations

You can breathe blasts of noxious fumes.
Your lurid green scales are hard. (AC +6)
You cannot fit into any form of body armour.
Your system is resistant to poisons. (rPois)
You are cold-blooded and may be slowed by cold attacks.
You possess an exceptional clarity of mind.
Your flesh is heat resistant. (rF+)


Message History

A soldier ant and a hornet come into view.
The hornet buzzes angrily.
The soldier ant twitches its antennae in your direction.
The hornet stings you.
You feel yourself slow down.
A soldier ant comes into view.
You hit the hornet but do no damage. The hornet stings you!
The hornet barely misses you.
Casting: Call Imp
Confirm with . or Enter, or press ? or * to list all spells.
A beastly little devil appears in a puff of frigid air.
You feel yourself speed up. The hornet stings you.
You suddenly lose the ability to move!
The hornet stings you but does no damage.
The hornet stings you!
A worm comes into view.
The hornet stings you!!
* * * LOW HITPOINT WARNING * * *
Your white imp hits the worm.
Your white imp freezes the worm.
The worm bites you!
You die...

.... #.........#
....#####..##..†.#
........#..##....#
........#........#
........+........#
.................#
....###5##.......#
. #w##.......#
#.#@#.###...#
#.#y##'###.).#
##a# #.......# #a#
#.......# ##
#####...# #...#
#...# #...# #...#


You could see 2 soldier ants, a hornet, a worm and a friendly white imp.

Vanquished Creatures
  A hippogriff (D:8)
  An ice beast (D:6)
  2 ogres
  A howler monkey (D:5)
  2 centaur skeletons
  An orc priest (D:5)
  A hound (D:5)
  An orc wizard (D:6)
  Terence (D:2)
  3 worker ants (D:4)
  A hound skeleton (D:4)
  Robin (D:4)
  A worker ant zombie (D:6)
  3 adders
  An ooze (D:3)
  An adder skeleton (D:4)
  An adder zombie (D:5)
  A worm (D:3)
  A dart slug (D:3)
  A leopard gecko (D:3)
  5 orcs
  7 giant cockroaches
  9 goblins
  6 hobgoblins
  6 jackals
  3 quokkas
  A ball python (D:1)
  8 bats
  3 frilled lizards
  A jackal skeleton (D:4)
  9 kobolds
  A quokka skeleton (D:4)
  3 rats
88 creatures vanquished.

Vanquished Creatures (collateral kills)
  An orc warrior (D:6)
  The ghost of jmlagarto the Poker, an amateur CeCK of Xom (D:4)
  An ogre (D:6)
  A centaur (D:6)
  2 scorpions (D:4)
  A hound (D:6)
  3 orc priests
  4 orc wizards
  Jessica (D:3)
  3 worker ants (D:6)
  2 adders
  A shadow imp (D:5)
  2 oozes
  A worm (D:4)
  A leopard gecko (D:1)
  11 orcs
  A hobgoblin (D:4)
  4 jackals
  A quokka (D:6)
  A frilled lizard (D:1)
  5 goblins
  A kobold (D:1)
  3 rats
52 creatures vanquished.

Grand Total: 140 creatures vanquished

Notes
Turn   | Place    | Note
-------+----------+-------------------------------------------
     0 | D:1      | vatarom the Draconian Summoner began the quest for the Orb.
     0 | D:1      | Reached XP level 1. HP: 14/14 MP: 3/3
    45 | D:1      | Reached skill level 1 in Fighting
   392 | D:1      | Found an iron altar of Okawaru.
   394 | D:1      | Reached XP level 2. HP: 24/24 MP: 3/5
   398 | D:1      | Learned a level 2 spell: Call Imp
  1145 | D:1      | Reached XP level 3. HP: 30/30 MP: 4/6
  1168 | D:1      | Learned a level 3 spell: Call Canine Familiar
  1261 | D:2      | Reached skill level 1 in Polearms
  1399 | D:2      | Gained mutation: Your flesh is heat resistant. (rF+) [potion of mutation]
  1399 | D:2      | Gained mutation: You possess an exceptional clarity of mind. [potion of mutation]
  1529 | D:2      | Noticed Terence
  1550 | D:2      | Killed Terence
  1550 | D:2      | Reached XP level 4. HP: 20/37 MP: 1/7
  1747 | D:2      | Found a stormy altar of Qazlal.
  2237 | D:3      | Noticed Jessica
  2241 | D:3      | Killed Jessica
  2399 | D:3      | Reached skill level 5 in Summonings
  2528 | D:3      | Reached XP level 5. HP: 8/42 MP: 0/8
  3041 | D:4      | Noticed jmlagarto's ghost (amateur CeCK)
  3055 | D:4      | Killed jmlagarto's ghost
  3591 | D:4      | Found a staircase to the Ecumenical Temple.
  3614 | Temple   | Entered the Ecumenical Temple
  3712 | Temple   | Became a worshipper of Ashenzari the Shackled
  3761 | D:4      | Reached XP level 6. HP: 50/50 MP: 10/10
  4125 | D:4      | Noticed Robin
  4142 | D:4      | Killed Robin
  4540 | D:5      | Entered Level 5 of the Dungeon
  4638 | D:4      | Your scales start taking on a lurid green colour.
  4638 | D:4      | Reached XP level 7. HP: 13/56 MP: 9/13
  4638 | D:4      | Gained mutation: Your system is resistant to poisons. (rPois) [Green Draconian growth]
  5103 | D:6      | Reached skill level 6 in Summonings
  5308 | D:6      | Reached * piety under Ashenzari
  5812 | D:6      | Reached skill level 7 in Summonings
  6095 | D:6      | Reached XP level 8. HP: 51/62 MP: 9/14
  6182 | D:6      | Reached skill level 5 in Polearms
  6281 | D:6      | Learned a level 4 spell: Summon Ice Beast
  6340 | D:6      | You fall through a shaft for 2 floors!
  6340 | D:8      | Identified the +9 hand axe "Toegirorgh" {chop, *Drain rElec rC+++ Int+5}
  6340 | D:8      | Noticed a hippogriff
  6353 | D:8      | Killed a hippogriff
  6353 | D:8      | Reached skill level 8 in Summonings
  6494 | D:8      | Noticed a hornet
  6496 | D:8      | Paralysed by a hornet for 2 turns
  6497 | D:8      | HP: 2/62 [hornet (18)]
  6497 | D:8      | Mangled by a worm

Skill      XL: |  1  2  3  4  5  6  7  8 |
---------------+-------------------------+-----
Fighting       | 1 2 |  2.6
Polearms       | 1 2 3 4 5 |  5.4
Summonings     | 5 7 8 |  8.0
Spellcasting   | 3 4 |  4.0
Dodging        | |  1.7
Stealth        | |  1.7

Action                   |  1- 3 |  4- 6 |  7- 9 || total
-------------------------+-------+-------+-------++-------
Melee: Unarmed           |    41 |       |       ||    41
       Tailslap          |    11 |    12 |    11 ||    34
       Spear             |   120 |    73 |       ||   193
       Trident           |       |   174 |   141 ||   315
 Cast: Summon Small Mamm |     8 |       |       ||     8
       Call Imp          |     6 |    13 |    20 ||    39
       Call Canine Famil |     3 |    19 |    11 ||    33
 Abil: Breathe Noxious F |       |       |     6 ||     6
  Use: Potion            |     7 |     1 |     2 ||    10
       Scroll            |       |     4 |     2 ||     6
 Stab: Sleeping          |     8 |     8 |     3 ||    19
       Distracted        |     1 |       |       ||     1
       Confused          |       |       |     3 ||     3
  Eat: Chunk             |     1 |    19 |     6 ||    26
       Meat ration       |     1 |       |       ||     1
Armor: Skin              |    51 |    39 |    33 ||   123
Dodge: Dodged            |    99 |   101 |    60 ||   260
